AoeStats
← Comend x comend

Black Forest

506962511Analyzed
4v4 RM · 16d ago on Sep 16, 2026· 39m 8s· 8 players
Game mode
Random Map
Map size
Large (8 player)
Population
200
Speed
Normal
Resources
Standard
Victory
Conquest
Starting age
Dark Age
Ending age
Imperial Age
RankedLock teamsTeams togetherTeam positionsShared explorationLock speedFull tech treeHidden civsTurbo modeCheats
Victory
Defeat
🇦🇷 Franks · Argentina
1541
+10
🇨🇱 Mongols · Chile
1401
+16
🇦🇷 Koreans · Argentina
1384
+16
🇦🇷 Bohemians · Argentina
1293
+20
🇩🇪 Burgundians · Germany
1414
-16
🇵🇪 Turks · Peru
1406
-16
🇵🇪 Tatars · Peru
1404
-16
🇲🇽 Italians · Mexico
1360
-14
GRAN KHAN
1:36 Loom
11:13 Feudal Age
17:17 Castle Age
15:49 Stone Mining
15:41 Horse Collar
16:24 Double-Bit Axe
17:12 Gold Mining
27:20 Fletching
28:43 Bodkin Arrow
30:00 Padded Archer Armor
33:23 Wheelbarrow
35:18 Imperial Age
33:42 Ballistics
33:39 Leather Archer Armor
34:00 Heavy Plow
35:16 Forging
35:06 Scale Mail Armor
35:35 Hand Cart
36:32 Iron Casting
36:20 Conscription
37:45 Chain Mail Armor
38:10 Squires
37:56 Arson
Comend x comend
5:45 Loom
13:30 Feudal Age
19:43 Castle Age
24:46 Imperial Age
26:04 Loom
_______
5:02 Loom
6:27 Double-Bit Axe
8:34 Horse Collar
11:18 Feudal Age
10:51 Wheelbarrow
15:04 Castle Age
13:32 Bow Saw
14:45 Heavy Plow
14:37 Gold Mining
20:31 Hand Cart
24:38 Two-Man Saw
25:17 Crop Rotation
26:46 Gold Shaft Mining
26:02 Stone Mining
30:45 Imperial Age
31:27 Forging
31:22 Scale Barding Armor
32:26 Chemistry
31:30 Treadmill Crane
32:01 Masonry
33:04 Iron Casting
32:34 Caravan
37:32 Conscription
BOT jose
10:36 Feudal Age
16:38 Castle Age
15:06 Double-Bit Axe
16:00 Fishing Lines
17:29 Bow Saw
20:51 Gold Mining
23:27 Wheelbarrow
23:11 Loom
23:16 Town Watch
24:55 Gillnets
25:39 Hand Cart
29:34 Imperial Age
27:09 Fletching
27:08 Horse Collar
28:08 Bodkin Arrow
28:14 Padded Archer Armor
28:58 Gold Shaft Mining
29:27 Ballistics
30:40 Bracer
31:42 Conscription
33:30 Chemistry
32:51 Bloodlines
32:41 Husbandry
32:59 Heavy Cavalry Archer
SinManos
1:58 Loom
9:23 Feudal Age
12:47 Wheelbarrow
13:23 Double-Bit Axe
13:52 Forging
15:58 Horse Collar
17:01 Fletching
24:40 Castle Age
24:25 Gold Mining
24:50 Crossbowman
25:35 Bodkin Arrow
25:53 Thumb Ring
27:13 Padded Archer Armor
27:51 Ballistics
37:31 Scale Barding Armor
|MP| layc0ni
11:38 Feudal Age
15:22 Castle Age
13:21 Double-Bit Axe
16:43 Bow Saw
17:29 Fervor
17:50 Fishing Lines
18:40 Gillnets
20:43 Wheelbarrow
20:35 Loom
27:20 Imperial Age
25:58 Chemistry
25:13 Pikeman
25:53 Squires
25:55 Scale Mail Armor
26:05 Forging
27:00 Hand Cart
26:31 Town Watch
27:18 Chain Mail Armor
28:31 Iron Casting
27:37 Halberdier
29:17 Plate Mail Armor
28:38 Fletching
29:59 Two-Man Saw
28:44 Horse Collar
30:54 Blast Furnace
31:31 Siege Engineers
31:57 Ballistics
32:08 Fortified Wall
32:08 Houfnice
33:42 Treadmill Crane
35:21 Wagenburg Tactics
35:36 Conscription
35:30 Masonry
35:55 Coinage
35:25 Caravan
37:09 Bodkin Arrow
Gandhi
2:55 Loom
5:40 Loom
11:14 Feudal Age
14:57 Castle Age
12:44 Double-Bit Axe
14:38 Horse Collar
19:32 Loom
23:32 Gold Mining
24:03 Bow Saw
24:34 Town Watch
26:34 Wheelbarrow
31:18 Imperial Age
28:48 Stone Mining
29:17 Scale Barding Armor
29:24 Forging
30:24 Hand Cart
33:20 Two-Man Saw
32:29 Heavy Plow
32:54 Town Patrol
32:28 Cavalier
33:30 Chain Barding Armor
33:46 Iron Casting
33:13 Husbandry
34:25 Fletching
35:21 Treadmill Crane
36:41 Chemistry
36:02 Ballistics
35:15 Elite Skirmisher
36:26 Conscription
36:30 Bodkin Arrow
35:57 Elite Skirmisher
37:50 Bracer
|MP| patrick
1:05 Loom
11:46 Feudal Age
15:31 Castle Age
13:32 Double-Bit Axe
16:39 Bow Saw
17:47 Bow Saw
22:10 Wheelbarrow
23:52 Gold Mining
25:48 Hand Cart
30:13 Imperial Age
28:44 Gold Shaft Mining
28:22 Scale Barding Armor
28:13 Stone Mining
28:39 Husbandry
30:10 Chain Barding Armor
30:00 Forging
30:27 Cavalier
31:43 Plate Barding Armor
31:24 Chivalry
31:45 Conscription
32:03 Plate Barding Armor
31:39 Forging
31:41 Paladin
34:25 Iron Casting
35:46 Caravan
Connection lost

Rejoining the realm…

Still unreachable

The connection could not be restored.

Session expired

The server has moved on; the page needs a fresh start.